Map: Apotheosis LE

Players

Stephano - Winner!

  • Race: Zerg Zerg
  • League: Master

StatiC

  • Race: Protoss Protoss
  • League: Master

VOD

https://www.youtube.com/channel/UCcSgNfDNxvyisU-eCj9xyNg/playlists

Description

Time

  • Played on: Aug. 26, 2016, 5:43 a.m.
  • Length: 14:07
Show
View Real Time Build Order
Export as new Build Order

Stephano Zerg - Winner!

Build Orders: Hatch First 

Get SALT Encoding   

  12  0:01  Drone  
  13  0:13  Overlord  
  13  0:18  Drone  
  14  0:31  Drone x2  
  14  0:35  Drone  
  17  0:53  Hatchery  
  17  0:55  Drone  
  17  0:58  Drone  
  18  1:12  Spawning Pool  
  18  1:14  Drone  
  18  1:18  Drone  
  19  1:29  Drone, Extractor  
  19  1:43  Hatchery  
  19  1:46  Drone  
  19  1:53  Drone  
  20  2:02  Queen  
  22  2:09  Queen  
  22  2:15  Overlord  
  24  2:19  Drone  
  24  2:22  Drone  
  26  2:29  Metabolic Boost  
  26  2:31  Drone  
  27  2:39  Queen  
  27  2:42  Drone  
  30  2:45  Drone  
  30  2:47  Zergling x2  
  32  2:51  Overlord  
  32  2:54  Drone  
  32  2:56  Drone  
  34  2:58  Drone  
  34  3:03  Drone  
  36  3:08  Extractor  
  36  3:11  Queen  
  37  3:14  Zergling x2  
  37  3:16  Drone  
  37  3:18  Drone  
  37  3:19  Drone  
  41  3:20  Drone  
  41  3:23  Drone  
  41  3:24  Drone  
  44  3:29  Overlord  
  44  3:30  Zergling x2  
  44  3:32  Drone x2  
  47  3:38  Evolution Chamber  
  47  3:40  Drone  
  47  3:42  Overlord  
  47  3:47  Drone  
  48  3:50  Overlord  
  48  3:54  Roach Warren  
  47  3:58  Spore Crawler  
  46  4:05  Drone  
  46  4:09  Drone x2  
  47  4:11  Drone x2  
  47  4:12  Zerg Melee Weapons Level 1  
  47  4:13  Overlord  
  47  4:15  Spore Crawler  
  47  4:16  Drone  
  49  4:18  Drone  
  49  4:21  Drone  
  49  4:22  Drone x2  
  49  4:23  Spore Crawler, Drone  
  49  4:24  Drone  
  54  4:29  Drone x3  
  57  4:33  Evolution Chamber  
  57  4:35  Zergling x2  
  57  4:36  Zergling x2  
  58  4:40  Baneling Nest  
  58  4:41  Drone x2  
  59  4:46  Drone x2  
  61  4:55  Drone x3  
  61  4:59  Hatchery  
  63  5:00  Lair  
  63  5:05  Zerg Ground Armor Level 1  
  62  5:09  Roach  
  62  5:10  Roach x2  
  62  5:12  Overlord  
  68  5:28  Zergling x10  
  72  5:32  Overlord  
  72  5:33  Zergling x12  
  72  5:34  Zergling x6  
  72  5:35  Overlord x3  
  82  5:43  Overlord  
  82  5:47  Baneling x6  
  82  5:50  Queen  
  82  5:55  Drone x2  
  82  5:56  Drone x2  
  88  6:01  Hatchery, Zergling x2  
  88  6:07  Drone x5  
  93  6:11  Zerg Melee Weapons Level 2  
  93  6:15  Overlord, Extractor  
  91  6:23  Drone  
  91  6:24  Drone x5  
  97  6:26  Spore Crawler  
  97  6:28  Drone  
  97  6:29  Spore Crawler, Drone x3  
  97  6:31  Extractor  
  99  6:34  Centrifical Hooks  
  99  6:36  Zergling x10  
  99  6:37  Zergling x4  
  106  6:48  Zergling x2  
  106  6:49  Zergling x12  
  106  6:51  Ravager  
  106  6:54  Hatchery  
  113  6:57  Zergling x6  
  113  6:58  Zergling x10  
  121  7:05  Ravager x2  
  123  7:20  Drone, Spine Crawler  
  123  7:21  Drone x3  
  123  7:22  Drone x2, Spine Crawler  
  126  7:23  Drone x2  
  126  7:24  Zerg Ground Armor Level 2  
  126  7:26  Zergling x2  
  126  7:27  Zergling x8  
  126  7:29  Overlord x3  
  133  7:34  Infestation Pit  
  132  7:49  Zergling x2, Extractor  
  132  7:50  Zergling x34  
  149  7:52  Baneling x2  
  149  7:53  Baneling x5  
  149  8:01  Zergling x14  
  156  8:10  Baneling x3  
  156  8:11  Baneling x5  
  156  8:12  Zergling x10  
  160  8:19  Queen  
  162  8:23  Zergling x2  
  162  8:24  Overlord x2  
  162  8:25  Overlord x2  
  163  8:28  Hive  
  163  8:37  Queen  
  163  8:39  Queen x2  
  155  8:52  Zergling x24  
  155  8:53  Zergling x16  
  155  8:55  Queen  
  173  9:00  Zergling x2  
  140  9:12  Zergling x10  
  137  9:18  Zergling x2  
  137  9:19  Zergling x8  
  137  9:21  Spire, Queen x2  
  137  9:22  Spire, Queen  
  138  9:34  Hatchery, Zergling x10  
  133  9:45  Zergling x10  
  129  9:48  Zerg Ground Armor Level 3, Zerg Melee Weapons Level 3, Adrenal Glands  
  131  9:58  Spore Crawler  
  130  10:00  Spore Crawler x2  
  130  10:03  Zergling x24  
  130  10:04  Zergling x4  
  138  10:08  Baneling x2  
  138  10:09  Baneling x4  
  138  10:13  Drone x3  
  138  10:14  Drone x2  
  143  10:21  Extractor  
  143  10:24  Drone x3  
  143  10:25  Extractor  
  143  10:26  Extractor  
  136  10:43  Zergling x16  
  136  10:44  Zergling x16  
  149  10:55  Zergling x26  
  149  10:56  Zergling x14  
  150  11:08  Drone x6  
  150  11:11  Zerg Flyer Weapons Level 1, Zerg Flyer Armor Level 1  
  150  11:23  Zergling x28  
  150  11:24  Zergling x4  
  152  11:38  Zergling x6  
  152  11:39  Zergling x22  
  139  11:50  Zergling x30  
  143  12:02  Pneumatized Carapace  
  143  12:06  Drone x5  
  147  12:12  Drone x2  
  149  12:25  Zergling x22  
  149  12:26  Zergling x20  
  170  12:31  Baneling  
  170  12:40  Corruptor x6  
  182  12:48  Overseer x2  
  182  12:52  Spore Crawler  
  181  13:01  Corruptor x7  
Show
View Real Time Build Order
Export as new Build Order

StatiC Protoss 

Build Orders: Oracle Opening 

Get SALT Encoding   

  12  0:01  Probe (Chrono Boost)  
  13  0:11  Probe (Chrono Boost)  
  14  0:24  Probe (Chrono Boost), Pylon  
  15  0:42  Probe (Chrono Boost)  
  16  0:52  Probe (Chrono Boost)  
  17  1:03  Probe (Chrono Boost)  
  18  1:06  Nexus  
  18  1:14  Probe (Chrono Boost)  
  19  1:21  Gateway  
  19  1:26  Probe (Chrono Boost)  
  20  1:34  Assimilator  
  20  1:37  Probe (Chrono Boost)  
  21  1:45  Pylon  
  21  1:47  Probe (Chrono Boost)  
  22  1:58  Probe (Chrono Boost)  
  23  2:08  Cybernetics Core  
  23  2:09  Zealot  
  23  2:10  Probe (Chrono Boost)  
  23  2:12  Assimilator  
  26  2:18  Probe (Chrono Boost)  
  26  2:21  Probe (Chrono Boost)  
  28  2:28  Probe (Chrono Boost)  
  29  2:31  Probe (Chrono Boost)  
  30  2:39  Probe (Chrono Boost)  
  30  2:40  Gateway  
  31  2:44  Adept  
  31  2:45  Warp Gate  
  31  2:46  Probe (Chrono Boost)  
  34  2:52  Pylon  
  34  2:53  Probe (Chrono Boost)  
  34  2:58  Mothership Core (Chrono Boost)  
  37  3:04  Probe (Chrono Boost)  
  38  3:14  Probe (Chrono Boost)  
  38  3:16  Probe (Chrono Boost)  
  38  3:18  Stargate  
  40  3:25  Probe (Chrono Boost)  
  41  3:28  Gateway  
  41  3:29  Stalker  
  41  3:32  Probe (Chrono Boost)  
  44  3:35  Probe (Chrono Boost), Assimilator  
  44  3:37  Pylon  
  45  3:41  Adept  
  45  3:43  Probe (Chrono Boost)  
  45  3:46  Probe (Chrono Boost)  
  49  3:53  Probe (Chrono Boost)  
  50  3:59  Adept, Oracle  
  52  4:07  Probe (Chrono Boost)  
  52  4:09  Probe (Chrono Boost)  
  55  4:11  Assimilator  
  55  4:16  Pylon  
  55  4:19  Probe (Chrono Boost)  
  55  4:20  Probe (Chrono Boost)  
  55  4:22  Stalker  
  55  4:23  Pylon, Adept  
  61  4:30  Void Ray  
  62  4:32  Probe (Chrono Boost)  
  62  4:34  Probe (Chrono Boost)  
  67  4:44  Probe (Chrono Boost)  
  67  4:45  Probe (Chrono Boost)  
  69  4:50  Pylon  
  69  4:55  Probe (Chrono Boost)  
  69  4:56  Probe (Chrono Boost)  
  71  5:02  Zealot  
  74  5:08  Probe (Chrono Boost)  
  74  5:10  Fleet Beacon  
  74  5:15  Stargate  
  74  5:20  Zealot, Stalker  
  74  5:21  Probe (Chrono Boost)  
  79  5:23  Probe (Chrono Boost)  
  79  5:24  Void Ray  
  80  5:33  Probe (Chrono Boost)  
  80  5:34  Probe (Chrono Boost)  
  86  5:43  Pylon  
  86  5:47  Pylon  
  86  5:52  Carrier  
  86  5:56  Nexus  
  86  6:00  Pylon  
  86  6:02  Probe (Chrono Boost)  
  86  6:03  Probe (Chrono Boost), Pylon, Protoss Air Weapons Level 1  
  94  6:12  Probe (Chrono Boost)  
  94  6:15  Probe (Chrono Boost)  
  96  6:19  Forge  
  96  6:20  Pylon  
  96  6:23  Probe (Chrono Boost)  
  97  6:26  Carrier  
  97  6:29  Probe (Chrono Boost)  
  104  6:33  Probe (Chrono Boost)  
  106  6:40  Sentry  
  106  6:41  Probe (Chrono Boost)  
  106  6:44  Probe (Chrono Boost), Assimilator  
  106  6:46  Assimilator  
  109  6:53  Probe (Chrono Boost)  
  110  6:54  Probe (Chrono Boost)  
  110  6:59  Pylon  
  111  7:02  Photon Cannon  
  111  7:03  Stargate  
  111  7:05  Probe (Chrono Boost)  
  111  7:06  Pylon  
  111  7:07  Carrier  
  112  7:12  Probe (Chrono Boost)  
  112  7:13  Probe (Chrono Boost)  
  114  7:22  Probe (Chrono Boost)  
  117  7:24  Photon Cannon  
  117  7:26  Photon Cannon  
  117  7:29  Photon Cannon  
  117  7:34  Photon Cannon  
  117  7:36  Pylon  
  117  7:38  Pylon  
  117  7:39  Graviton Catapult  
  117  7:47  Carrier  
  123  7:51  Zealot, Adept  
  123  7:52  Zealot  
  129  8:01  Carrier  
  129  8:07  Probe (Chrono Boost)  
  130  8:15  Pylon  
  130  8:19  Zealot x3  
  136  8:30  Protoss Shields Level 1  
  136  8:32  Carrier  
  142  8:40  Zealot x3  
  126  8:49  Probe (Chrono Boost)  
  126  8:50  Probe (Chrono Boost)  
  128  8:56  Probe (Chrono Boost)  
  128  9:00  Probe (Chrono Boost)  
  128  9:06  Zealot  
  128  9:07  Zealot x2  
  128  9:08  Probe (Chrono Boost)  
  125  9:13  Probe (Chrono Boost)  
  125  9:16  Carrier  
  128  9:28  Carrier, Cybernetics Core  
  128  9:30  Gateway  
  109  9:36  Probe x2 (Chrono Boost)  
  109  9:37  Probe (Chrono Boost)  
  106  9:46  Probe (Chrono Boost)  
  106  9:50  Zealot  
  109  9:56  Probe (Chrono Boost)  
  108  10:02  Carrier  
  108  10:07  Probe (Chrono Boost)  
  115  10:10  Protoss Air Weapons Level 2  
  115  10:13  Probe (Chrono Boost)  
  116  10:18  Nexus  
  116  10:20  Pylon  
  116  10:25  Probe (Chrono Boost)  
  116  10:27  Probe (Chrono Boost)  
  118  10:30  Zealot x2  
  107  10:49  Probe (Chrono Boost)  
  111  10:54  Probe (Chrono Boost)  
  92  11:09  Probe (Chrono Boost)  
  92  11:11  Probe x2 (Chrono Boost)  
  100  11:18  Pylon  
  100  11:20  Probe (Chrono Boost)  
  101  11:30  Probe (Chrono Boost)  
  95  11:35  Probe (Chrono Boost)  
  95  11:36  Zealot x2  
  78  12:21  Probe x2 (Chrono Boost)  
  80  12:33  Probe (Chrono Boost)  
Tags
 
Add a new tag
Caveats
  • Supply blocks, unpowered buildings, or Contaminate may cause inaccurate times.
  • Supply counts are checked every 10 seconds.